 Dungeon Crawl Stone Soup version 0.30-a0-870-gc5d4c5acee (webtiles) character file.

Game seed: 3579837056238409392

2615 Calibrex the Covert (level 9, -4/43 HPs)
             Began as a Vine Stalker Brigand on Mar 11, 2023.
             Was a Believer of Hepliaklqana.
             Slain by an eight-headed hydra (9 damage)
             ... on level 8 of the Dungeon on Mar 12, 2023.
             The game lasted 00:38:00 (6081 turns).

Calibrex the Covert (Vine Stalker Brigand)          Turns: 6081, Time: 00:38:00

Health: -4/43      AC: 10    Str: 17    XL:     9   Next: 60%
Magic:  0/12       EV: 11    Int: 11    God:    Hepliaklqana [**....]
Gold:   319        SH:  5    Dex: 19    Spells: 8/8 levels left

rFire   . . .      SeeInvis +    n - +11 dagger of Fedhas's Fury {elec, Fly rC+ Str+2}
rCold   + . .      Faith    .    H - +0 buckler
rNeg    . . .      Spirit   +    b - +0 robe
rPois   .          Reflect  .    g - +0 helmet
rElec   .          Rampage  .    c - +0 cloak
rCorr   .                        j - +1 pair of gloves
Will    +....                    (no boots)
Stlth   +++++                    (no amulet)
HPRegen 1.07/turn                C - ring of see invisible
MPRegen 0.13/turn                f - +4 ring of protection

@: flying
A: reduced essence, fangs 3, regeneration 1, magic shield, antimagic bite, no
potion heal 2
a: Renounce Religion, Recall Ancestor, Ancestor Identity


You were on level 8 of the Dungeon.
You worshipped Hepliaklqana.
Hepliaklqana was pleased with you.
You visited 2 branches of the dungeon, and saw 9 of its levels.

You collected 319 gold pieces.

Inventory:

Hand Weapons
 a - a +2 dagger
 n - the +11 dagger of Fedhas's Fury (weapon) {elec, Fly rC+ Str+2}
   (You found it on level 2 of the Dungeon)

   Str:       It affects your strength (+2).
   rC:        It protects you from cold.
   Fly:       It grants you flight.
 A - a +0 whip of freezing
 D - a +0 whip of flaming
Missiles
 d - 9 poisoned darts
 e - 3 curare-tipped darts
 t - 4 boomerangs (quivered)
Armour
 b - a +0 robe (worn)
 c - a +0 cloak (worn)
 g - a +0 helmet (worn)
 i - a +0 leather armour
 j - a +1 pair of gloves (worn)
 G - an orb of light
 H - a +0 buckler (worn)
Jewellery
 f - a +4 ring of protection (right hand)
 p - a ring of resist corrosion
 w - a ring of flight
 x - an amulet of faith
 C - a ring of see invisible (left hand)
Wands
 y - a wand of polymorph (10)
Scrolls
 h - 5 scrolls of identify
 k - 4 scrolls of torment
 s - 3 scrolls of magic mapping
 u - a scroll of vulnerability {unknown}
 v - 2 scrolls of teleportation
 z - 2 scrolls of fear {unknown}
 B - a scroll of fog {unknown}
Potions
 l - 3 potions of flight {unknown}
 m - 2 potions of degeneration {unknown}
 o - 4 potions of mutation {unknown}
 q - 5 potions of curing {unknown}
 r - 4 potions of heal wounds {unknown}
 E - 2 potions of ambrosia {unknown}
 F - 2 potions of might {unknown}
 I - 2 potions of brilliance {unknown}


   Skills:
 + Level 6.2 Fighting
 + Level 6.1 Short Blades
 + Level 3.8 Throwing
 - Level 0.7 Dodging
 + Level 10.0 Stealth
 + Level 2.2 Shields
 + Level 3.1 Invocations
 + Level 0.0 Evocations


You had 8 spell levels left.
You didn't know any spells.
Your spell library contained the following spells:

 Spells                   Type           Power      Damage    Failure   Level
 Magic Dart               Conj           0%         1d3       43%         1
 Necrotise                Necr           0%         1d4       43%         1
 Summon Small Mammal      Summ           0%         N/A       43%         1
 Call Imp                 Summ           0%         N/A       56%         2
 Lesser Beckoning         Tloc           0%         N/A       56%         2
 Call Canine Familiar     Summ           0%         N/A       80%         3
 Gell's Gravitas          Tloc           0%         N/A       80%         3
 Ignite Poison            Fire/Tmut/Pois 0%         N/A       80%         3
 Mephitic Cloud           Conj/Pois/Air  0%         N/A       80%         3
 Summon Guardian Golem    Hex/Summ       0%         N/A       80%         3
 Teleport Other           Tloc           0%         N/A       80%         3
 Vampiric Draining        Necr           0%         2d6       80%         3
 Sticky Flame             Conj/Fire      0%         2d3       99%         4
 Agony                    Necr           0%         N/A       100%        5
 Ignition                 Fire           0%         3d3       100%        8


Dungeon Overview and Level Annotations

Branches:
Dungeon (8/15)             Temple (1/1) D:5            Lair (0/5) D:8

Altars:
Ashenzari
Elyvilon
Gozag
Hepliaklqana
Makhleb
Nemelex Xobeh
Okawaru
Qazlal
Ru
Sif Muna
Trog
Uskayaw
Vehumet
Wu Jian
Xom
Yredelemnul
Zin
The Shining One

Shops:
D:6 =


Innate Abilities, Weirdness & Mutations

Your life essence is reduced to manifest your ancestor. (-10% HP)
You have razor-sharp teeth.
Your natural rate of healing is unusually fast.
When hurt, damage is shared between your health and your magic reserves.
Your bite disrupts and absorbs the magic of your enemies.
Potions cannot restore your health.


Message History

Gnaeus gestures at the acid dragon while chanting.
The acid dragon resists with significant effort.
The acid dragon spits acid at Gnaeus.
The splash of acid hits Gnaeus!!
You puncture the acid dragon!
Lightning courses through the acid dragon!
You kill the acid dragon!
Your Stealth skill increases to level 10!
You swap places.
You swap places.
An eight-headed hydra comes into view.
Aiming: Polymorph
Press: ? - help, Shift-Dir - straight line, f - eight-headed hydra, p - Gnaeus
Aim: an eight-headed hydra (asleep, will become a glowing orange brain, an ice dragon, or a wind drake, chance to affect: 17%)
Okay, then.
The eight-headed hydra roars!
You swap places.
Gnaeus completely misses the eight-headed hydra.
Really fly into that dispersal trap?
You enter a dispersal trap!
Gnaeus blinks! x2
The eight-headed hydra blinks!
You blink.
An eight-headed hydra is nearby!
You block the eight-headed hydra's attack.
The eight-headed hydra bites you! x2
The eight-headed hydra bites you but does no damage.
The eight-headed hydra completely misses you.
The eight-headed hydra bites you!
The eight-headed hydra barely misses you.
The eight-headed hydra bites you but does no damage.
You barely miss the eight-headed hydra. You bite the eight-headed hydra!
You drain its power.
You feel invigorated.
The eight-headed hydra is lightly wounded.
The eight-headed hydra barely misses you.
The eight-headed hydra bites you! x2
* * * LOW HITPOINT WARNING * * *
The eight-headed hydra bites you!
* * * LOW HITPOINT WARNING * * *
The eight-headed hydra bites you!
You die...

######## ##### #.......
.....#############.######
#....@............####
###^D.R......##.#.....
#.#####.......###### #.#
#.##.#### ## #.# #.##.#
#. #.# #.##.# ###. #.#
#.##.# #... #.# #.##.#
####.<. #.# #.##.#
#......


You could see the friendly Gnaeus the hexer and an eight-headed hydra (ally
target).

Vanquished Creatures
  Pikel (D:4)
  An acid dragon (D:8)
  A water moccasin (D:7)
  An ice beast (D:7)
  A sky beast (D:7)
  2 black bears (D:5)
  An ogre (D:5)
  2 centaurs (D:6)
  2 phantoms
  2 lemures (D:4)
  A bullfrog (D:7)
  3 scorpions
  4 wights (D:6)
  3 howler monkeys
  3 hounds
  A gnoll bouda (D:6)
  A jelly (D:5)
  2 iguanas (D:6)
  A sleepcap (D:7)
  4 orc wizards
  9 gnolls
  7 adders
  A shadow imp (D:6)
  A white imp (D:6)
  2 ufetubi (D:6)
  3 dart slugs
  13 orcs
  6 ball pythons
  A bat (D:2)
  8 endoplasms
  4 giant cockroaches
  7 goblins (D:1)
  5 hobgoblins
  4 jackals
  6 kobolds
  8 quokkas
  2 frilled lizards (D:1)
  5 rats
129 creatures vanquished.

Vanquished Creatures (collateral kills)
  2 gnolls
  An orc (D:6)
3 creatures vanquished.

Vanquished Creatures (others)
  An ancestor (D:6)
  A plant (D:3)
2 creatures vanquished.

Grand Total: 134 creatures vanquished

Notes
Turn   | Place    | Note
-------+----------+-------------------------------------------
     0 | D:1      | Calibrex the Vine Stalker Brigand began the quest for the
                  | Orb.
     0 | D:1      | Reached XP level 1. HP: 11/11 MP: 2/2
   110 | D:1      | Reached skill level 5 in Stealth
   116 | D:1      | Reached XP level 2. HP: 15/15 MP: 3/3
   452 | D:1      | Reached XP level 3. HP: 18/18 MP: 2/4
   982 | D:2      | Identified the +11 dagger of Fedhas's Fury {elec, Fly rC+
                  | Str+2}
  1919 | D:3      | Gained mutation: Your natural rate of healing is unusually
                  | fast. [Vine Stalker growth]
  1919 | D:3      | Reached XP level 4. HP: 21/23 MP: 5/5
  1989 | D:3      | Noticed a phantom
  1997 | D:3      | Killed a phantom
  1998 | D:3      | Reached skill level 6 in Stealth
  1998 | D:3      | Reached XP level 5. HP: 28/28 MP: 6/6
  2587 | D:4      | Noticed a lemure
  2787 | D:4      | Noticed a lemure
  2980 | D:4      | Reached XP level 6. HP: 29/32 MP: 3/7
  3283 | D:4      | Noticed Pikel
  3290 | D:4      | Killed Pikel
  3291 | D:4      | Reached skill level 8 in Stealth
  3291 | D:4      | Reached XP level 7. HP: 33/38 MP: 6/8
  3735 | D:5      | Entered Level 5 of the Dungeon
  3828 | D:5      | Gained mutation: You have razor-sharp teeth. [Vine Stalker
                  | growth]
  3828 | D:5      | Reached XP level 8. HP: 42/42 MP: 9/9
  3886 | D:5      | Reached skill level 5 in Fighting
  3886 | D:5      | Reached skill level 5 in Short Blades
  4152 | D:5      | Found a staircase to the Ecumenical Temple.
  4214 | Temple   | Entered the Ecumenical Temple
  4288 | Temple   | Became a worshipper of Hepliaklqana the Forgotten
  4440 | D:5      | Reached skill level 9 in Stealth
  4795 | D:6      | Reached skill level 1 in Invocations
  4903 | D:6      | Reached * piety under Hepliaklqana
  5261 | D:6      | Reached XP level 9. HP: 34/41 MP: 7/11
  5334 | D:6      | Reached skill level 1 in Shields
  5455 | D:6      | Found Axedde's Jewellery Emporium.
  5923 | D:7      | Reached ** piety under Hepliaklqana
  5930 | D:8      | Remembered your ancestor Gnaeus as a hexer
  6003 | D:8      | Found a staircase to the Lair.
  6020 | D:8      | Reached skill level 10 in Stealth
  6071 | D:8      | Noticed an eight-headed hydra
  6081 | D:8      | Slain by an eight-headed hydra

Illustrated notes

Levels and vault maps discovered:
D:1:      dpeg_arrival_three_bigger_balls, layout_basic, minmay_misc_feat_iff
D:2:      layout_basic
D:3:      layout_loops_ring, saegor_snake_ambush
D:4:      layout_basic, grunt_ministairs_5, uniq_pikel
D:5:      layout_basic, minmay_temple_entry_grid, chequers_jeans
D:6:      layout_gridville, serial_shops, nicolae_take_the_stairs,
          chequers_serial_rivers_micro_d
D:7:      layout_cave_pools, serial_shops, shop_statue, nrook_uturn,
          minmay_nine_imps, uniq_crazy_yiuf_cottage
D:8:      layout_loops_ring, grunt_temple_overflow_cloverleaf, lair_entry_dummy,
          pf_guarded_unrand_meek
Temple:   dpeg_three_leaves_temple

Skill      XL: |  1  2  3  4  5  6  7  8  9 |
---------------+----------------------------+-----
Fighting       | 2 3 4 5 6 |  6.2
Short Blades   | 2 3 4 5 6 |  6.1
Stealth        | 5 6 8 9 10 | 10.0
Throwing       | 3 |  3.8
Invocations    | 1 3 |  3.1
Shields        | 2 |  2.2
Dodging        | |  0.7

Action                     |  1- 3 |  4- 6 |  7- 9 || total
---------------------------+-------+-------+-------++-------
  Melee: Dagger            |   102 |    66 |   104 ||   272
         Bite              |    22 |    14 |    26 ||    62
  Throw: Stone             |    14 |       |       ||    14
         Boomerang         |     1 |     2 |     9 ||    12
 Invoke: Ancestor Identity |       |       |     1 ||     1
         Recall Ancestor   |       |       |     2 ||     2
         Ancestor Life: He |       |       |     1 ||     1
    Use: Scroll            |       |       |     6 ||     6
   Stab: Sleeping          |     7 |    10 |    13 ||    30
         Distracted        |       |       |     1 ||     1
 Armour: Robe              |    30 |    11 |    35 ||    76
  Dodge: Dodged            |    49 |    19 |    39 ||   107
  Block: Buckler           |       |       |    14 ||    14

Table legend: (Time is in decaauts)
 A = Elapsed time spent in this place.
 B = Non-inter-level travel time spent in this place.
 C = Inter-level travel time spent in this place.
 D = Time resting spent in this place.
 E = Time spent auto-exploring this place.
 F = Levels seen in this place.
 G = Mean time per level.
                   A        B        C        D        E       F      G
               +--------+--------+--------+--------+--------+-----+--------+
         Total |   6033 |   5568 |    465 |     76 |   3996 |   9 |  670.3 |
       Dungeon |   5946 |   5501 |    445 |     76 |   3940 |   8 |  743.2 |
        Temple |     86 |     66 |     20 |      0 |     56 |   1 |   86.0 |
               +--------+--------+--------+--------+--------+-----+--------+

Top non-repeatable levels by time:
     D:4: 1280 daAuts
     D:6: 995 daAuts
     D:2: 920 daAuts
     D:5: 894 daAuts
     D:1: 885 daAuts
     D:3: 693 daAuts
     D:8: 151 daAuts
     D:7: 124 daAuts
  Temple: 86 daAuts
